PL
DETROIT RENAISSANCE @ RICHARDSON CITY THUNDERCATS
08/18/2026
 
TOP OF THE 1ST
Detroit Renaissance batting - Pitching for Richardson City Thundercats : RHP Cordell Wilson
Pitching: RHP Cordell Wilson
Batting: LHB Yoichibei Sato 0-0: Ball
1-0: Ball
2-0: Ball
3-0: SINGLE (Groundball, 5D)
Batting: RHB Bernardo Herrera 0-0: Ball
1-0: Called Strike
1-1: Ball
2-1: Ball
3-1: Fly out, F7 (Flyball, 7LSF)
Batting: SHB Terumoto Kurihara 0-0: Called Strike
0-1: Called Strike
0-2: Strikes out looking
Batting: LHB Juan González 0-0: Called Strike
0-1: Swinging Strike
0-2: Ball
1-2: Strikes out swinging
Top of the 1st over - 0 run(s), 1 hit(s), 0 error(s), 1 left on base; Detroit 0 - Richardson City 0
BOTTOM OF THE 1ST
Richardson City Thundercats batting - Pitching for Detroit Renaissance : LHP Jaime Carrión
Pitching: LHP Jaime Carrión
Batting: RHB Chriss Mann 0-0: Ball
1-0: Called Strike
1-1: SINGLE (Flyball, 7S)
Batting: RHB Jonathan Cook 0-0: Swinging Strike
0-1: Ball
1-1: Ball
2-1: Ball
3-1: Fly out, F8 (Flyball, 8LS)
Batting: RHB Tomás Martínez 0-0: Ball
1-0: Called Strike
1-1: Fly out, F8 (Flyball, 8LS)
Batting: RHB Alan Elder 0-0: Called Strike
0-1: Called Strike
0-2: SINGLE (Flyball, 6D)
Chriss Mann to second
Batting: RHB Alden Wiley 0-0: Ball
1-0: Ball
2-0: SINGLE (Groundball, 6MD)
Chriss Mann to third
Alan Elder to second
Runner from 3rd tries for Home, SAFE, no throw
Batting: RHB Juan Cabrera 0-0: SINGLE (Line Drive, 8RS)
Alan Elder to third
Alden Wiley to second
Batting: RHB Joey Jones 0-0: Fielders Choice at 2nd, 6-4 (Groundball, 6)
Bottom of the 1st over - 1 run(s), 4 hit(s), 0 error(s), 2 left on base; Detroit 0 - Richardson City 1
TOP OF THE 2ND
Detroit Renaissance batting - Pitching for Richardson City Thundercats : RHP Cordell Wilson
Batting: LHB Michael Neely 0-0: Foul Ball, location: 2F
0-1: Ball
1-1: Foul Ball, location: 2F
1-2: Strikes out swinging
Batting: LHB Bartolo Benítez 0-0: Called Strike
0-1: Foul Ball, location: 2F
0-2: Ball
1-2: Foul Ball, location: 2F
1-2: Ball
2-2: SOLO HOME RUN (Line Drive, 7D), Distance : 381 ft
Batting: RHB Chandler Bailey 0-0: Called Strike
0-1: Foul Ball, location: 2F
0-2: Ball
1-2: Ball
2-2: Ball
3-2: Foul Ball, location: 2F
3-2: Strikes out swinging
Batting: LHB Greg Robinson 0-0: Ball
1-0: Ball
2-0: Ball
3-0: Called Strike
3-1: Foul Ball, location: 2F
3-2: Reached via error on a dropped throw, E1
Batting: RHB Kyle Bywaters 0-0: Ball
1-0: Fly out, F9 (Flyball, 9S)
Top of the 2nd over - 1 run(s), 1 hit(s), 1 error(s), 1 left on base; Detroit 1 - Richardson City 1
BOTTOM OF THE 2ND
Richardson City Thundercats batting - Pitching for Detroit Renaissance : LHP Jaime Carrión
Batting: RHB Nate Cates 0-0: Called Strike
0-1: Swinging Strike
0-2: Ball
1-2: Ball
2-2: Ball
3-2: Foul Ball, location: 2F
3-2: Fly out, F8 (Flyball, 8LXD)
Batting: SHB Mitch Qualtrough 0-0: Swinging Strike
0-1: Ball
1-1: SINGLE (Line Drive, 6D)
Batting: RHB Chriss Mann 0-0: Ball
Throwing error on steal attempt, E2
Mitch Qualtrough to third
1-0: SINGLE (Groundball, 56D)
Mitch Qualtrough scores
Batting: RHB Jonathan Cook 0-0: Called Strike
0-1: Grounds into double play, 4-6-3 (Groundball, 4)
Bottom of the 2nd over - 1 run(s), 2 hit(s), 1 error(s), 0 left on base; Detroit 1 - Richardson City 2
TOP OF THE 3RD
Detroit Renaissance batting - Pitching for Richardson City Thundercats : RHP Cordell Wilson
Batting: LHB Yoichibei Sato 0-0: Ball
1-0: Foul Ball, location: 2F
1-1: Fly out, F9 (Flyball, 89D)
Batting: RHB Bernardo Herrera 0-0: Fly out, F7 (Flyball, 7LS)
Batting: SHB Terumoto Kurihara 0-0: Foul Ball, location: 2F
0-1: Ball
1-1: Ground out 4-3 (Groundball, 4)
Top of the 3rd over - 0 run(s), 0 hit(s), 0 error(s), 0 left on base; Detroit 1 - Richardson City 2
BOTTOM OF THE 3RD
Richardson City Thundercats batting - Pitching for Detroit Renaissance : LHP Jaime Carrión
Batting: RHB Tomás Martínez 0-0: Fly out, F7 (Flyball, 78D)
Batting: RHB Alan Elder 0-0: Ball
1-0: Called Strike
1-1: Foul Ball, location: 2F
1-2: DOUBLE (Flyball, 8LD)
Batting: RHB Alden Wiley 0-0: Called Strike
0-1: Ball
1-1: Foul Ball, location: 2F
1-2: Ball
2-2: SINGLE (Line Drive, 78S)
Alan Elder to third
Batting: RHB Juan Cabrera 0-0: Ball
1-0: Ball
2-0: Ball
3-0: Base on Balls
Alden Wiley to second
Batting: RHB Joey Jones 0-0: Swinging Strike
0-1: Swinging Strike
0-2: Grounds into double play, 3-6-4 (Groundball, 34)
Bottom of the 3rd over - 0 run(s), 2 hit(s), 0 error(s), 2 left on base; Detroit 1 - Richardson City 2
TOP OF THE 4TH
Detroit Renaissance batting - Pitching for Richardson City Thundercats : RHP Cordell Wilson
Batting: LHB Juan González 0-0: Swinging Strike
0-1: Ball
1-1: SINGLE (Groundball, 23) (infield hit)
Batting: LHB Michael Neely 0-0: Ball
1-0: Called Strike
1-1: Ball
2-1: Fly out, F5 (Line Drive, 5)
Batting: LHB Bartolo Benítez 0-0: Ball
1-0: Called Strike
1-1: SINGLE (Groundball, 5D)
Juan González to second
Batting: RHB Chandler Bailey 0-0: Ball
1-0: Called Strike
1-1: Ball
2-1: Ball
3-1: Grounds into double play, 6-4-3 (Groundball, 6)
Top of the 4th over - 0 run(s), 2 hit(s), 0 error(s), 1 left on base; Detroit 1 - Richardson City 2
BOTTOM OF THE 4TH
Richardson City Thundercats batting - Pitching for Detroit Renaissance : LHP Jaime Carrión
Batting: RHB Nate Cates 0-0: Called Strike
0-1: Foul Ball, location: 2F
0-2: Ball
1-2: Strikes out swinging
Batting: SHB Mitch Qualtrough 0-0: Foul Ball, location: 2F
0-1: SINGLE (Line Drive, 56)
Batting: RHB Chriss Mann 0-0: Ball
1-0: Called Strike
1-1: SINGLE (Groundball, 56)
Mitch Qualtrough to second
Batting: RHB Jonathan Cook 0-0: Called Strike
0-1: Ball
1-1: Grounds into double play, 4-6-3 (Groundball, 34)
Bottom of the 4th over - 0 run(s), 2 hit(s), 0 error(s), 1 left on base; Detroit 1 - Richardson City 2
TOP OF THE 5TH
Detroit Renaissance batting - Pitching for Richardson City Thundercats : RHP Cordell Wilson
Batting: LHB Greg Robinson 0-0: Called Strike
0-1: Foul Ball, location: 2F
0-2: Ball
1-2: Ground out 5-3 (Groundball, 56)
Batting: RHB Kyle Bywaters 0-0: Ball
1-0: SINGLE (Groundball, 6M) (infield hit)
Batting: LHB Yoichibei Sato 0-0: Called Strike
0-1: Foul Ball, location: 2F
0-2: Ball
1-2: Ball
2-2: Ball
Kyle Bywaters steals 2nd base
3-2: Foul Ball, location: 2F
3-2: Ground out 4-3 (Groundball, 34)
Kyle Bywaters to third
Batting: RHB Bernardo Herrera 0-0: Ball
1-0: Ball
2-0: Swinging Strike
2-1: Foul Ball, location: 2F
2-2: SINGLE (Flyball, 78S)
Kyle Bywaters scores
Batting: SHB Terumoto Kurihara 0-0: Called Strike
0-1: Ground out 3-1 (Groundball, 23)
Top of the 5th over - 1 run(s), 2 hit(s), 0 error(s), 1 left on base; Detroit 2 - Richardson City 2
BOTTOM OF THE 5TH
Richardson City Thundercats batting - Pitching for Detroit Renaissance : LHP Jaime Carrión
Batting: RHB Tomás Martínez 0-0: Ball
1-0: Ball
2-0: Swinging Strike
2-1: Foul Ball, location: 2F
2-2: Foul Ball, location: 2F
2-2: SOLO HOME RUN (Flyball, 78XD), Distance : 403 ft
Batting: RHB Alan Elder 0-0: Ball
1-0: Foul Ball, location: 2F
1-1: Ball
2-1: Foul Ball, location: 2F
2-2: SINGLE (Groundball, 6MD)
Batting: RHB Alden Wiley 0-0: Foul Ball, location: 2F
0-1: Ball
1-1: Ball
2-1: Fly out, F8 (Line Drive, 8LS)
Batting: RHB Juan Cabrera 0-0: Fly out, F7 (Flyball, 78S)
Batting: RHB Joey Jones 0-0: Fly out, F5 (Line Drive, 56S)
Bottom of the 5th over - 1 run(s), 2 hit(s), 0 error(s), 1 left on base; Detroit 2 - Richardson City 3
TOP OF THE 6TH
Detroit Renaissance batting - Pitching for Richardson City Thundercats : RHP Cordell Wilson
Batting: LHB Juan González 0-0: SINGLE (Groundball, 4MD)
Batting: LHB Michael Neely 0-0: Swinging Strike
0-1: Ball
1-1: Foul Ball, location: 2F
1-2: Grounds into double play, 4-6-3 (Groundball, 4)
Batting: LHB Bartolo Benítez 0-0: Ball
1-0: Fly out, F7 (Flyball, 7)
Top of the 6th over - 0 run(s), 1 hit(s), 0 error(s), 0 left on base; Detroit 2 - Richardson City 3
BOTTOM OF THE 6TH
Richardson City Thundercats batting - Pitching for Detroit Renaissance : LHP Jaime Carrión
Batting: RHB Nate Cates 0-0: Called Strike
0-1: Foul Ball, location: 2F
0-2: Ball
1-2: Ground out U3 (Groundball, 34)
Batting: SHB Mitch Qualtrough 0-0: Called Strike
0-1: DOUBLE (Flyball, 78D)
Batting: RHB Chriss Mann 0-0: Ball
1-0: Called Strike
1-1: Ball
2-1: Ground out 5-3 (Groundball, 56)
Batting: RHB Jonathan Cook 0-0: Ball
1-0: Fly out, F3 (Popup, 3L)
Bottom of the 6th over - 0 run(s), 1 hit(s), 0 error(s), 1 left on base; Detroit 2 - Richardson City 3
TOP OF THE 7TH
Detroit Renaissance batting - Pitching for Richardson City Thundercats : RHP Cordell Wilson
Batting: RHB Chandler Bailey 0-0: Ball
1-0: Ball
2-0: Ball
3-0: Called Strike
3-1: Called Strike
3-2: Strikes out looking
Batting: LHB Greg Robinson 0-0: Ball
1-0: Ball
2-0: Foul Ball, location: 2F
2-1: Ball
3-1: Ground out 3-1 (Groundball, 34S)
Batting: RHB Kyle Bywaters 0-0: Foul Ball, location: 2F
0-1: Foul Ball, location: 2F
0-2: Foul Ball, location: 2F
0-2: Ball
1-2: Ball
2-2: Foul Ball, location: 2F
2-2: Ground out 6-3 (Groundball, 6)
Top of the 7th over - 0 run(s), 0 hit(s), 0 error(s), 0 left on base; Detroit 2 - Richardson City 3
BOTTOM OF THE 7TH
Richardson City Thundercats batting - Pitching for Detroit Renaissance : LHP Jaime Carrión
Batting: RHB Tomás Martínez 0-0: Called Strike
0-1: Called Strike
0-2: Strikes out swinging
Batting: RHB Alan Elder 0-0: Ball
1-0: Swinging Strike
1-1: Swinging Strike
1-2: Ball
2-2: Foul Ball, location: 2F
2-2: Foul Ball, location: 2F
2-2: Ball
3-2: DOUBLE (Line Drive, 9LM)
Pitching: RHP Rafael García
Pinch Hitting: LHB Terrence Eler 0-0: Ball
1-0: Ball
2-0: SINGLE (Groundball, 34D)
Alan Elder to third
Batting: RHB Juan Cabrera 0-0: Called Strike
0-1: Foul Ball, location: 2F
0-2: Strikes out looking
Batting: RHB Joey Jones 0-0: Ground out 1-3 (Groundball, 13)
Bottom of the 7th over - 0 run(s), 2 hit(s), 0 error(s), 2 left on base; Detroit 2 - Richardson City 3
TOP OF THE 8TH
Detroit Renaissance batting - Pitching for Richardson City Thundercats : RHP Cordell Wilson
Pitching: LHP Manuel Franco
Now in LF: Terrence Eler
Batting: LHB Yoichibei Sato 0-0: DOUBLE (Line Drive, 89M)
Pitching: RHP Dave Reed
Pinch Hitting: LHB Gustavo Cortéz 0-0: Ball
1-0: Called Strike
1-1: Ball
2-1: Ball
3-1: Foul Ball, location: 2F
3-2: Foul Ball, location: 2F
3-2: Ground out 4-3 (Groundball, 4)
Yoichibei Sato to third
Batting: SHB Terumoto Kurihara 0-0: Ball
1-0: Foul Ball, location: 2F
1-1: Foul Ball, location: 2F
1-2: Ball
2-2: Fly out, F4 (Popup, 4MD)
Pitching: LHP Javier Ramírez
Pinch Hitting: RHB Lonnie Conrad 0-0: Foul Ball, location: 2F
0-1: Ball
1-1: Foul Ball, location: 2F
1-2: Ground out 3-1 (Groundball, 34S)
Top of the 8th over - 0 run(s), 1 hit(s), 0 error(s), 1 left on base; Detroit 2 - Richardson City 3
BOTTOM OF THE 8TH
Richardson City Thundercats batting - Pitching for Detroit Renaissance : RHP Rafael García
Now at 2B: Ludwig Kluge
Now in LF: Ryan Forrest
Batting: RHB Nate Cates 0-0: Called Strike
0-1: Ball
1-1: Foul Ball, location: 2F
1-2: Ball
2-2: Ball
3-2: Foul Ball, location: 2F
3-2: Base on Balls
Batting: SHB Mitch Qualtrough 0-0: Ball
1-0: Sac Bunt - play at first, batter OUT! 3-4
Nate Cates to second
Batting: RHB Chriss Mann 0-0: Ball
1-0: Foul Ball, location: 2F
1-1: Called Strike
1-2: Foul Ball, location: 2F
1-2: Strikes out swinging
Batting: RHB Jonathan Cook 0-0: Ball
1-0: Foul Ball, location: 2F
1-1: Ball
2-1: Ball
3-1: Foul Ball, location: 2F
3-2: Fly out, F8 (Line Drive, 8RD)
Bottom of the 8th over - 0 run(s), 0 hit(s), 0 error(s), 1 left on base; Detroit 2 - Richardson City 3
TOP OF THE 9TH
Detroit Renaissance batting - Pitching for Richardson City Thundercats : LHP Javier Ramírez
Pitching: RHP Bo Tubbs
Batting: LHB Michael Neely 0-0: Ball
1-0: Ball
2-0: Called Strike
2-1: Foul Ball, location: 2F
2-2: DOUBLE (Line Drive, 9LM)
Batting: LHB Bartolo Benítez 0-0: Ball
1-0: Ball
Wild Pitch!
Michael Neely to third
2-0: Foul Ball, location: 2F
2-1: Foul Ball, location: 2F
2-2: Fly out, F7 (Flyball, 7S)
Batting: RHB Chandler Bailey 0-0: Foul Ball, location: 2F
0-1: Swinging Strike
0-2: Ball
1-2: Strikes out swinging
Batting: LHB Greg Robinson 0-0: Ball
1-0: Ball
2-0: Ball
3-0: Base on Balls
Batting: RHB Kyle Bywaters 0-0: Ball
1-0: Swinging Strike
1-1: Foul Ball, location: 2F
1-2: Fielders Choice at 2nd, 6-4 (Groundball, 6)
Top of the 9th over - 0 run(s), 1 hit(s), 0 error(s), 1 left on base; Detroit 2 - Richardson City 3
Monday, March 20th, 2017 - OOTP Baseball 17.12 Build 75